 Dungeon Crawl Stone Soup version 0.28.0-53-g5a82cb258f (webtiles) character file.

Game seed: 5692419608576055451

34 Zeld the Digger (level 3, 0/28 HPs)
             Began as a Gargoyle Earth Elementalist on May 26, 2022.
             Killed from afar by Sigmund (1 damage)
             ... with a magic dart
             ... on level 2 of the Dungeon.
             The game lasted 00:01:08 (1017 turns).

Zeld the Digger (Gargoyle Earth Elementalist)       Turns: 1017, Time: 00:01:08

Health: 0/28       AC: 21    Str: 11    XL:     3   Next: 31%
Magic:  3/6        EV:  2    Int: 17    God:
Gold:   92         SH:  0    Dex: 10    Spells: 1/7 levels left

rFire   . . .      SeeInvis .   (no weapon)
rCold   . . .      Faith    .   (no shield)
rNeg    + . .      Spirit   .   (armour currently unavailable)
rPois   ∞          Reflect  .   (helmet currently unavailable)
rElec   .          Harm     .   (cloak currently unavailable)
rCorr   .          Rampage  .   (gloves currently unavailable)
Will    .....      NoTele   +   (boots currently unavailable)
Stlth   ++........              (no amulet)
HPRegen 0.09/turn               (no ring)
MPRegen 0.10/turn               (no ring)

@: tree-form (expiring)
A: stationary, stasis, torment immunity, boosted hp, sickness immunity, AC +3,
negative energy resistance 1, (electricity resistance), torment resistance 1,
petrification resistance
a: no special abilities


You were on level 2 of the Dungeon.
You were a tree.
You visited 1 branch of the dungeon, and saw 2 of its levels.

You collected 92 gold pieces.

Inventory:

Missiles
 c - 27 stones
Armour
 b - a +0 robe (melded)
 j - a +0 helmet (melded)
Scrolls
 d - a scroll of blinking {unknown}
 h - a scroll of vulnerability {unknown}
 i - a scroll of identify {unknown}
 k - a scroll of teleportation {unknown}
 l - a scroll of summoning {unknown}
Potions
 a - a potion of cancellation {unknown}
 e - a potion of mutation {unknown}
 f - a potion of lignification {unknown}
 g - a potion of flight {unknown}
 m - a potion of curing {unknown}


   Skills:
 - Level 1.5 Dodging
 - Level 2.1 Stealth
 * Level 2.6 Spellcasting
 + Level 1.2 Transmutations
 * Level 4.3 Earth Magic


You had one spell level left.
You knew the following spells:

 Your Spells              Type           Power      Damage    Failure   Level
a - Sandblast             Erth           34%        2d9       3%          1
b - Passwall              Tmut/Erth      9%         N/A       9%          2
c - Stone Arrow           Conj/Erth      18%        3d8       22%         3

Your spell library contained the following spells:

 Spells                   Type           Power      Damage    Failure   Level
 Petrify                  Tmut/Erth      11%        N/A       50%         4


Dungeon Overview and Level Annotations

Branches:
Dungeon (2/15)

Altars:

Shops:
D:2 (

Annotations:
D:2 Sigmund


Innate Abilities, Weirdness & Mutations

You are a tree.
Your roots penetrate the ground, keeping you stationary.
You cannot be teleported.
You are immune to unholy pain and torment.
Your maximum health is greatly increased.
Your equipment is partially melded.
You are immune to sickness and miasma.
((Your stone body is resilient. (AC +3)))
You are immune to poison.
You resist negative energy. (rN+)
((You are resistant to electric shocks. (rElec)))
You are resistant to unholy torment.
You are immune to petrification.


Message History

Sigmund points at you and mumbles some strange words.
You resist with significant effort. Sigmund casts a spell at you.
The puff of flame misses you.
Sigmund zaps a wand.
You turn into a tree.
Your +0 helmet melds into your body.
Your +0 robe melds into your body.
Your roots penetrate the ground.
You cannot move.
Sigmund gestures wildly while chanting.
Sigmund flickers and vanishes!
Deactivating autopickup; reactivate with Ctrl-A.
A magic dart appears from out of thin air!
The magic dart hits you.
You are confused.
You cannot move. (Use ctrl+direction or * direction to attack without moving.)
You cannot move. (Use ctrl+direction or * direction to attack without moving.) Unknown command.
You hear some strange, mumbled words.
You are more confused.
Something hits you but does no damage. Something hits you but does no damage.
Something hits you but does no damage. Something hits you but does no damage.
Something hits you.
Your transformation is almost over.
Something hits you but does no damage.
You feel less confused. Something hits you.
You hear some strange, mumbled words.
A puff of flame appears from out of thin air!
The puff of flame hits you!
A magic dart appears from out of thin air!
The magic dart hits you but does no damage.
Something hits you but does no damage. Something hits you!
* * * LOW HITPOINT WARNING * * *
You cannot move.
You cannot move.
A magic dart appears from out of thin air!
The magic dart hits you.
You die...

.....##...##..........>....#
##.#.######.#####..##......#
##.#.# #.# #..##......#
##.#.# #.# #..###.#####
##.#.######.# #..# #.#
......... ..# #..# #.#
)..#.### #.# #..# #.#
##.....# #.#####..# #.#
#.)...####...{.♣..# #.#
#.......##..####.## #.#
####.#...###.# #.# #.#
..##.# ..# #.. #.# #.#
..##.# .# ##.# #.# #.#
..##.# # .# #.# #.# ####.#
.# #.####'## ...#.# ..
#.......# ##.#.# #.......#


There were no monsters in sight!

Vanquished Creatures
  An adder (D:2)
  2 dart slugs
  A ball python (D:1)
  3 bats (D:1)
  3 endoplasms (D:1)
  A giant cockroach (D:1)
  3 goblins
  A kobold (D:1)
  3 frilled lizards (D:1)
  2 rats (D:1)
20 creatures vanquished.

Notes
Turn   | Place    | Note
-------+----------+-------------------------------------------
     0 | D:1      | Zeld the Gargoyle Earth Elementalist began the quest for
                  | the Orb.
     0 | D:1      | Reached XP level 1. HP: 10/10 MP: 3/3
   103 | D:1      | Reached skill level 1 in Transmutations
   103 | D:1      | Reached XP level 2. HP: 13/15 MP: 1/5
   195 | D:1      | Reached skill level 4 in Earth Magic
   317 | D:1      | Learned a level 2 spell: Passwall
   816 | D:2      | Reached XP level 3. HP: 16/19 MP: 3/6
   820 | D:2      | Learned a level 3 spell: Stone Arrow
   908 | D:2      | Found Fuapries's Weapon Shop.
   984 | D:2      | Noticed Sigmund
  1015 | D:2      | HP: 1/28 [something (9)]
  1017 | D:2      | Killed from afar by Sigmund

Illustrated notes

Levels and vault maps discovered:
D:1:      scummos_arrival_hexagon, layout_rooms
D:2:      layout_basic, serial_shops, nicolae_shop_bloodbath_and_beyond,
          dk_noncrumbling_3, uniq_sigmund

Skill      XL: |  1  2 |
---------------+-------+-----
Transmutations | 1 |  1.2
Earth Magic    | 4 |  4.3
Dodging        | |  1.5
Stealth        | |  2.1
Spellcasting   | |  2.6

Action                   || total
-------------------------++-------
Melee: Unarmed           ||     5
 Cast: Sandblast         ||    26
       Stone Arrow       ||     1
Armor: Robe              ||     8
       Skin              ||     7
Dodge: Dodged            ||    11
